 Dungeon Crawl Stone Soup version 0.27-a0-1149-g4505690ab0 (webtiles) character file.

Game seed: 16083221018459881644

28480 Sobieck the Severer (level 13, -3/96 HPs)
             Began as a Formicid Fighter on May 13, 2021.
             Was the Champion of Okawaru.
             Killed from afar by an ice statue (11 damage)
             ... with a freezing blast
             ... in an ice cave.
             The game lasted 00:43:16 (13794 turns).

Sobieck the Severer (Formicid Fighter)             Turns: 13794, Time: 00:43:17

Health: -3/96      AC: 25    Str: 26    XL:     13   Next: 73%
Magic:  0/19       EV:  3    Int: 12    God:    Okawaru [******]
Gold:   532        SH: 39    Dex: 10    Spells: 12/12 levels left

rFire    . . .     SeeInvis +   a - +5 war axe (flame) {axe}
rCold    . . .     Faith    .   O - +18 shield of the Gong {rElec rN+ Will+ EV-5}
rNeg     + + .     Spirit   +   Z - +8 chain mail of Untold Secrets {Int+4}
rPois    +         Reflect  .   (helmet unavailable)
rElec    +         Harm     .   C - +2 cloak {rPois}
rCorr    .         Rampage  .   (no gloves)
Will     ++...                  (no boots)
Stlth    ..........             p - brooch of Shielding {Spirit SH+8}
HPRegen  0.26/turn              z - +4 ring of protection
MPRegen  0.16/turn              H - ring of positive energy

@: studying Staves
A: permanent stasis, dig shafts and tunnels, antennae 3, four strong arms
a: Dig, Renounce Religion, Heroism, Finesse


You were in an ice cave.
You worshipped Okawaru.
Okawaru was exalted by your worship.
You visited 2 branches of the dungeon, and saw 14 of its levels.
You also visited: Ice Cave.

You collected 888 gold pieces.
You spent 356 gold pieces at shops.


Innate Abilities, Weirdness & Mutations

You cannot be hasted, slowed, berserked, paralysed or teleported.
You can dig through walls and to a lower floor.
You have a pair of large antennae on your head. (SInv)
Your four strong arms can wield two-handed weapons with a shield.


   Skills:
 - Level 7.0 Fighting
 - Level 16.0 Axes
 - Level 7.0 Armour
 - Level 11.3 Shields
 - Level 8.0 Invocations
 + Level 6.6 Evocations


You had 12 spell levels left.
You didn't know any spells.
Your spell library contained the following spells:

 Spells                   Type           Power      Damage    Failure   Level
 Animate Skeleton         Necr           0%         N/A       87%         1
 Freeze                   Ice            0%         1d3       87%         1
 Magic Dart               Conj           0%         1d3       87%         1
 Pain                     Necr           0%         1d4       87%         1
 Call Imp                 Summ           0%         N/A       95%         2
 Ensorcelled Hibernation  Hex/Ice        0%         N/A       95%         2
 Slow                     Hex            0%         N/A       95%         2
 Confusing Touch          Hex            0%         N/A       99%         3
 Conjure Flame            Conj/Fire      0%         6-21      99%         3
 Frozen Ramparts          Ice            0%         1d2       99%         3
 Gell's Gravitas          Tloc           0%         N/A       99%         3
 Mephitic Cloud           Conj/Pois/Air  0%         N/A       99%         3
 Vampiric Draining        Necr           0%         2d6       99%         3
 Animate Armour           Summ/Erth      0%         N/A       100%        4
 Animate Dead             Necr           0%         N/A       100%        4
 Cause Fear               Hex            0%         N/A       100%        4
 Hailstorm                Conj/Ice       0%         3d3       100%        4
 Petrify                  Tmut/Erth      0%         N/A       100%        4
 Agony                    Necr           0%         N/A       100%        5
 Bolt of Magma            Conj/Fire/Erth 0%         4d4       100%        5
 Borgnjor's Vile Clutch   Necr/Erth      0%         N/A       100%        5
 Iskenderun's Battlesphe  Conj           0%         2d6       100%        5
 Metabolic Englaciation   Hex/Ice        0%         N/A       100%        5
 Silence                  Hex/Air        0%         N/A       100%        5
 Yara's Violent Unravell  Hex/Tmut       0%         3d3       100%        5
 Freezing Cloud           Conj/Ice/Air   0%         6-21      100%        6
 Iron Shot                Conj/Erth      0%         9d1       100%        6
 Shadow Creatures         Summ           N/A        N/A       100%        6
 Orb of Destruction       Conj           0%         N/A       100%        7
 Spellforged Servitor     Conj/Summ      0%         N/A       100%        7
 Discord                  Hex            0%         N/A       100%        8
 Blink                    Tloc           Unusable   N/A       N/A         2

Inventory:

Hand Weapons
 a - a +5 war axe of flaming (weapon) {axe}
 b - a +0 shortbow {bow}
   (You took it off a centaur on level 5 of the Dungeon)
 m - a +0 battleaxe of freezing {axe}
   (You bought it in a shop on level 11 of the Dungeon)
 u - the +6 long sword "Yraqoz" {freeze, Int+2, long}
   (Okawaru gifted it to you on level 13 of the Dungeon)

   It has been specially enchanted to freeze those struck by it, causing extra
   injury to most foes and up to half again as much damage against particularly
   susceptible opponents.
   It can also slow down cold-blooded creatures.
   It affects your intelligence (+2).
 F - a +0 longbow {bow}
   (You took it off a centaur warrior on level 13 of the Dungeon)
 P - a +0 hand crossbow {crossbow}
   (You took it off a kobold brigand on level 8 of the Dungeon)
Missiles
 e - 381 stones {throwing}
 g - 72 poisoned darts (quivered) {throwing}
 r - 300 arrows
 s - 2 curare-tipped darts {=fthrowing}
 v - 3 throwing nets {=f!fthrowing}
 x - 2 javelins {throwing}
 A - 5 boomerangs {throwing}
 D - 79 sling bullets
 L - 119 bolts
Armour
 C - a +2 cloak of poison resistance (worn)
   (You acquired it on level 3 of the Dungeon)
 O - the +18 shield of the Gong (worn) {rElec rN+ Will+ EV-5}
   (You found it on level 8 of the Dungeon)

   It affects your evasion (-5).
   It insulates you from electricity.
   It protects you from negative energy.
   It increases your willpower.
 Z - the +8 chain mail of Untold Secrets (worn) {Int+4}
   (Okawaru gifted it to you on level 10 of the Dungeon)

   It affects your intelligence (+4).
Jewellery
 c - a ring of protection from fire
   (You found it on level 11 of the Dungeon)
 p - the brooch of Shielding (around neck) {Spirit SH+8}
   (You found it on level 4 of the Dungeon)

   [amulet of guardian spirit]

   It causes incoming damage to be divided between your reserves of health and
   magic.
   It affects your SH (+8).
 z - a +4 ring of protection (left hand)
   (You found it on level 5 of the Dungeon)
 H - a ring of positive energy (right hand)
   (You found it on level 2 of the Dungeon)
Wands
 k - a wand of flame (30)
   (You took it off an orc on level 4 of the Dungeon)
 w - a wand of iceblast (7)
   (You found it on level 5 of the Dungeon)
 E - a wand of paralysis (16)
   (You found it on level 7 of the Dungeon)
 J - a wand of digging (4)
   (You found it on level 2 of the Dungeon)
 M - a wand of mindburst (15)
   (You found it on level 7 of the Dungeon)
Scrolls
 f - a scroll of amnesia
 o - a scroll of noise {!r}
 q - 2 scrolls of magic mapping {!r}
 y - 3 scrolls of immolation {!r!r}
 I - 2 scrolls of fear
 N - a scroll of vulnerability {unknown}
 R - 2 scrolls of holy word {unknown}
Potions
 d - 2 potions of might
 h - 2 potions of flight
 i - a potion of mutation {!q}
 j - 6 potions of heal wounds {@q2}
 l - 5 potions of curing {@q1}
 n - 2 potions of resistance
 t - a potion of brilliance
 B - a potion of magic
 K - 3 potions of degeneration {unknown}

Dungeon Overview and Level Annotations

Branches:
Dungeon (13/15)            Temple (1/1) D:6            Lair (0/6) D:9
    Orc (0/2) D:9           IceCv (1/1)
 Vaults: D:13-14

Altars:
Ashenzari
Cheibriados
Dithmenos
Elyvilon
Gozag
Hepliaklqana
Kikubaaqudgha
Nemelex Xobeh
Okawaru
Qazlal
Ru
Sif Muna
Trog
Uskayaw
Vehumet
Wu Jian
Yredelemnul
Zin

Shops:
D:1 [   D:11 (

Annotations:
D:5 exclusion: downstairs
D:7 exclusion: downstairs
D:9 exclusion: downstairs
D:11 1 runed translucent door IceCv 1 transporter, exclusion: ice statue

#####
###...####
##........##
#..........##
#....@......##
#.8.Y8Y......#
#$.[.☼Y°.....#
#©[.$°°..©.∩.#
#?.!.........#
#.8..((......#
#...........##
#..........##
##........##


You could see an ice statue and 3 ice beasts.


Message History

You block the ice beast's attack.
GONNNNG!
Unknown command.
You block the ice beast's attack.
BONNNG!
The ice statue gestures. 😮 HP[+1] 😮 MP[+1]
You hit the ice beast but do no damage. You slash the ice beast!
You melt the ice beast.
You hit the ice beast but do no damage. You slash the ice beast!
You melt the ice beast.
You block the ice beast's attack.
GONNNNG!
You block the ice beast's attack.
PANG!
You slash the ice beast!
You melt the ice beast!
You hit the ice beast.
You melt the ice beast.
You kill the ice beast!
You block the ice beast's attack.
PTOANNNG!
You slash the ice beast!
You melt the ice beast.
You kill the ice beast! 😕 HP[+1]
An ice beast is nearby!
Unknown command.
Really walk into a travel-excluded area? [Y]es or [N]o only, please.
Really walk into a travel-excluded area?
Okay, then.
Really walk into a travel-excluded area?
You block the ice beast's attack.
BONNNG!
You block the ice beast's attack.
BONNNG!
The ice statue gestures.
You block the ice beast's attack.
BONNNG!
You see here an arrow. 😕 HP[+1] MP[+1]
You block the ice beast's attack.
BONNNG!
You block the ice beast's attack.
SHROANNG!
The ice statue gestures at you.
The freezing blast engulfs you!! 😮 HP[-15] MP[-3]
You take 15 damage, and now have 59/96 hp.
You lost 3 mp, and now have 13/19 mp.
You hit the ice statue.
You melt the ice statue.
Your chain mail of Untold Secrets prevents you from hitting the ice beast.
You hit the ice beast but do no damage.
You are engulfed in freezing vapours.
You block the ice beast's attack.
PANG!
The ice beast hits you but does no damage.
The ice statue gestures. 😮 HP[-6] MP[-2]
You take 6 damage, and now have 53/96 hp.
You lost 2 mp, and now have 11/19 mp.
You slash the ice statue!
You melt the ice statue.
You barely miss the ice beast. You hit the ice beast but do no damage.
You are engulfed in freezing vapours.
You block the ice beast's attack.
GONNNNG!
You block the ice beast's attack.
PTOANNNG! 😮 HP[-4] MP[-1]
You take 4 damage, and now have 49/96 hp.
You lost 1 mp, and now have 10/19 mp.
You completely miss the ice statue. You slash the ice beast!
You melt the ice beast.
You closely miss the ice beast.
You are engulfed in freezing vapours.
* * * LOW HITPOINT WARNING * * *
The ice statue gestures at you. The bolt of cold hits you!!
* * * LOW HITPOINT WARNING * * *
The bolt of cold misses the ice beast.
You block the ice beast's attack.
BOUMMMMG!
You block the ice beast's attack.
GONNNNG! 😱 HP[-25] MP[-6]
You take 25 damage, and now have 24/96 hp.
MASSIVE DAMAGE!! (PAUSE)
You lost 6 mp, and now have 4/19 mp.
You hit the ice statue.
You melt the ice statue.
You slash the ice beast!
You melt the ice beast.
You slash the ice beast!
You melt the ice beast.
You slash the ice beast!
You melt the ice beast.
You are engulfed in freezing vapours.
* * * LOW HITPOINT WARNING * * *
You block the ice beast's attack.
GONNNNG! 😱 HP[-1] MP[+1]
You take 1 damage, and now have 23/96 hp.
Unknown command.
You are engulfed in freezing vapours.
* * * LOW HITPOINT WARNING * * *
😱 HP[-16] MP[-4]
You take 16 damage, and now have 7/96 hp.
You lost 4 mp, and now have 1/19 mp.
The ice statue gestures at you. The freezing blast engulfs you!
You die...

Skill      XL: |  1  2  3  4  5  6  7  8  9 10 11 12 13 |
---------------+----------------------------------------+-----
Axes           | 3 4 5 7 8 10 11 12 14 16 | 16.0
Shields        | 5 9 11 | 11.3
Evocations     | 2 6 |  6.6
Fighting       | 4 5 7 |  7.0
Armour         | 4 5 7 |  7.0
Invocations    | 2 5 7 8 |  8.0

Action                   |  1- 3 |  4- 6 |  7- 9 | 10-12 | 13-15 || total
-------------------------+-------+-------+-------+-------+-------++-------
Melee: War axe           |    61 |   113 |   282 |   530 |   182 ||  1168
 Fire: Shortbow          |       |       |    63 |   117 |     3 ||   183
Throw: Dart              |       |     2 |     1 |       |       ||     3
Invok: Heroism           |       |       |       |     1 |       ||     1
       Finesse           |       |       |       |     1 |       ||     1
 Abil: Dig               |       |     1 |     5 |    11 |     5 ||    22
  Use: Scroll            |     1 |       |    12 |     7 |     5 ||    25
       Potion            |       |       |     2 |       |       ||     2
Armor: Scale mail        |    47 |    37 |       |       |       ||    84
       Plate armour      |       |       |    75 |    78 |       ||   153
       Chain mail        |       |       |       |    15 |    22 ||    37
Dodge: Dodged            |    30 |    27 |    25 |    12 |     2 ||    96
Block: Kite shield       |    55 |    44 |   174 |   372 |   147 ||   792
       Tower shield      |       |       |    89 |   208 |       ||   297

Levels and vault maps discovered:
D:1:      heliophobic_arrival_dark_side_of_the_moon, layout_loops_ring,
          basic_ecumenical_altar, serial_shops, shop, st_stairs_3
D:2:      layout_basic, minmay_worlds_worst_comb
D:3:      layout_loops_ring, zin_angel, minmay_fractal_squares_gapless_5
D:4:      layout_basic, minmay_misc_feat_pillars, minmay_box_of_dots
D:5:      kennysheep_six_static_rooms, layout_basic, vehumet_statue, uniq_pikel
D:6:      layout_rooms, minmay_temple_entry_purple_smoke, minivault_23
D:7:      layout_cave_pools, old_standard_altar, kennysheep_flooded_box
D:8:      minmay_the_grid_triangle_9x9_rhombus_thin
          [minmay_the_grid_triangle_9x9_thin_v,
          minmay_the_grid_triangle_9x9_prize_schism,
          minmay_the_grid_triangle_9x9_limited_checkers,
          minmay_the_grid_triangle_9x9_longest], layout_cave_pools,
          nzn_overflow_gifts_of_might_and_magic, kennysheep_little_box,
          old_standard_altar
D:9:      layout_stronghold, general_overflow_altar, minmay_lair_entry_grove,
          erik_orc_2
D:10:     layout_cave_pools, cheibriados_altar_1, grunt_gozag_statues,
          kennysheep_mini_moat, nicolae_hepliaklqana_hazy_memory, serial_undead,
          serial_undead_a, serial_undead_d, serial_undead_d, serial_undead_b,
          serial_undead_e, serial_undead_d, serial_undead_d, st_stairs_8,
          eino_house_with_fridge, uniq_nergalle, uniq_erolcha
D:11:     minmay_gate_of_8, layout_long_grid, serial_shops, shop
D:12:     layout_long_grid, uniq_nessos, uniq_frances
D:13:     layout_basic, david_vaults_2, portal_ice_cave_entry_ice_beasts,
          nicolae_trove_entry_crystal
Temple:   cyrus_temple_forest
IceCv:    ice_cave_statue_garden_transporter

Notes
Turn   | Place    | Note
-------+----------+-------------------------------------------
     0 | D:1      | Sobieck the Formicid Fighter began the quest for the Orb.
     0 | D:1      | Reached XP level 1. HP: 18/18 MP: 1/1
     0 | D:1      | magus.rc [v1.9.6]
   112 | D:1      | Reached XP level 2. HP: 21/24 MP: 2/2
   121 | D:1      | Reached skill level 3 in Axes
   320 | D:1      | Reached XP level 3. HP: 24/29 MP: 3/3
   534 | D:4      | Reached skill level 4 in Axes
   534 | D:4      | Reached XP level 4. HP: 31/35 MP: 4/4
   543 | D:4      | Identified the +7 dagger of the Shark {vorpal, rElec Dex+5}
   635 | D:5      | Entered Level 5 of the Dungeon
   780 | D:4      | Reached skill level 5 in Axes
   780 | D:4      | Reached XP level 5. HP: 38/41 MP: 5/5
   853 | D:4      | Reached XP level 6. HP: 14/47 MP: 6/6
   953 | D:4      | HP: 10/47 [acid (8)]
   955 | D:4      | Reached skill level 6 in Axes
  1239 | D:4      | Noticed an ogre
  1246 | D:4      | Killed an ogre
  2036 | D:4      | Reached skill level 7 in Axes
  2036 | D:4      | Reached XP level 7. HP: 19/52 MP: 7/7
  2247 | D:4      | Found the brooch of Shielding {Spirit SH+8}
  2583 | D:5      | Reached skill level 8 in Axes
  2632 | D:5      | Reached XP level 8. HP: 55/58 MP: 5/8
  2680 | D:5      | Noticed Pikel
  2722 | D:5      | Killed Pikel
  2723 | D:5      | Reached skill level 10 in Axes
  2926 | D:5      | You pick up a book of Minor Magic and begin reading...
  2926 | D:5      | You add the spells Magic Dart, Call Imp, Slow, Conjure
                  | Flame and Mephitic Cloud to your library.
  3023 | D:6      | Reached XP level 9. HP: 62/64 MP: 9/9
  3192 | D:5      | Reached skill level 11 in Axes
  3268 | D:5      | Reached skill level 4 in Shields
  3268 | D:5      | Reached skill level 1 in Evocations
  3306 | D:5      | magus.rc [v1.9.6]
  3321 | D:5      | Found a radiant altar of Vehumet.
  3635 | D:5      | Reached skill level 4 in Fighting
  3635 | D:5      | Reached skill level 4 in Armour
  3635 | D:5      | Reached skill level 2 in Evocations
  4223 | D:6      | You pick up a book of Necromancy and begin reading...
  4223 | D:6      | You add the spells Pain, Animate Skeleton, Vampiric
                  | Draining, Animate Dead and Agony to your library.
  4270 | D:6      | Found a staircase to the Ecumenical Temple.
  4288 | Temple   | Entered the Ecumenical Temple
  4326 | Temple   | Became a worshipper of Warmaster Okawaru
  4577 | D:1      | Found Fim Qilef's Antique Armour Shoppe.
  4588 | D:1      | Bought a runed tower shield for 142 gold pieces
  4713 | D:1      | Found a faded altar of an unknown god.
  4914 | D:1      | You pick up a book of Misfortune and begin reading...
  4914 | D:1      | You add the spells Confusing Touch, Gell's Gravitas,
                  | Petrify, Metabolic Englaciation and Yara's Violent
                  | Unravelling to your library.
  6107 | D:3      | Reached skill level 5 in Shields
  6537 | D:3      | Noticed an angel
  6538 | D:3      | Found a glowing silver altar of Zin.
  6648 | D:3      | Identified a scroll of acquirement
  6648 | D:3      | Acquired a +2 cloak of poison resistance
  7051 | D:6      | Reached skill level 1 in Invocations
  7052 | D:6      | Noticed a troll
  7058 | D:6      | Killed a troll
  7059 | D:6      | Reached skill level 2 in Invocations
  7187 | D:7      | Reached XP level 10. HP: 73/73 MP: 11/11
  7208 | D:7      | You pick up a book of Hexes and begin reading...
  7208 | D:7      | You add the spells Cause Fear, Silence and Discord to your
                  | library.
  7230 | D:7      | Reached skill level 6 in Shields
  7447 | D:7      | Reached skill level 3 in Invocations
  7469 | D:7      | Found a stormy altar of Qazlal.
  7651 | D:7      | Reached skill level 7 in Shields
  7891 | D:8      | Reached * piety under Okawaru
  7938 | D:8      | Reached skill level 4 in Invocations
  8151 | D:9      | Reached skill level 8 in Shields
  8157 | D:8      | Found a bloodstained altar of Trog.
  8195 | D:8      | Reached ** piety under Okawaru
  8215 | D:8      | Noticed a cyan ugly thing
  8228 | D:8      | Killed a cyan ugly thing
  8229 | D:8      | Reached skill level 9 in Shields
  8229 | D:8      | Reached skill level 5 in Invocations
  8231 | D:8      | Noticed a gargoyle
  8239 | D:8      | Killed a gargoyle
  8239 | D:8      | Reached *** piety under Okawaru
  8273 | D:8      | Noticed a centaur warrior
  8278 | D:8      | Reached XP level 11. HP: 64/78 MP: 15/15
  8290 | D:8      | Killed a centaur warrior
  8291 | D:8      | Reached skill level 12 in Axes
  8291 | D:8      | Reached skill level 10 in Shields
  8291 | D:8      | Reached skill level 6 in Invocations
  8379 | D:8      | Found a shimmering blue altar of Sif Muna.
  8382 | D:8      | Identified Sif Muna's Tome of the Snowflakes
  8383 | D:8      | You add the spells Freeze and Frozen Ramparts to your
                  | library.
  8453 | D:8      | Found a shadowy altar of Dithmenos.
  8557 | D:8      | You pick up a book of Necromancy and begin reading...
  8696 | D:8      | Found a white marble altar of Elyvilon.
  8776 | D:8      | Reached **** piety under Okawaru
  8780 | D:8      | Found the +18 shield of the Gong {rElec rN+ Will+ EV-5}
  8787 | D:8      | You pick up a book of Power and begin reading...
  8787 | D:8      | You add the spells Iskenderun's Battlesphere, Bolt of
                  | Magma, Iron Shot, Orb of Destruction and Spellforged
                  | Servitor to your library.
  8789 | D:8      | Noticed a tengu warrior
  8798 | D:8      | Killed a tengu warrior
  8803 | D:8      | Identified the Disquisition on Snow
  8804 | D:8      | You add the spells Hailstorm and Freezing Cloud to your
                  | library.
  8808 | D:8      | You pick up a book of Dreams and begin reading...
  8808 | D:8      | You add the spells Ensorcelled Hibernation, Animate Armour,
                  | Borgnjor's Vile Clutch and Shadow Creatures to your
                  | library.
  9437 | D:9      | Reached skill level 7 in Invocations
  9470 | D:9      | Reached ***** piety under Okawaru
  9471 | D:9      | Reached skill level 5 in Armour
  9471 | D:9      | Reached skill level 11 in Shields
  9525 | D:9      | Found a staircase to the Lair.
  9645 | D:9      | Reached skill level 5 in Fighting
  9896 | D:9      | Found a staircase to the Orcish Mines.
  9913 | D:9      | Reached XP level 12. HP: 49/86 MP: 12/17
 10248 | D:9      | Found a sparkling altar of Nemelex Xobeh.
 10407 | D:10     | Entered Level 10 of the Dungeon
 10407 | D:10     | Found a snail-covered altar of Cheibriados.
 10415 | D:10     | Noticed Nergalle
 10947 | D:10     | Noticed a two-headed ogre
 10960 | D:10     | Killed a two-headed ogre
 10960 | D:10     | Identified the +8 chain mail of Untold Secrets {Int+4}
                  | (Okawaru gifted it to you on level 10 of the Dungeon)
 10960 | D:10     | Received a gift from Okawaru
 10965 | D:10     | Reached skill level 13 in Axes
 11006 | D:10     | Killed Nergalle
 11007 | D:10     | Reached skill level 6 in Fighting
 11007 | D:10     | Reached skill level 6 in Armour
 11007 | D:10     | Reached skill level 8 in Invocations
 11074 | D:10     | Noticed Erolcha
 11094 | D:10     | Killed Erolcha
 11216 | D:10     | Found a broken altar of Ashenzari.
 11240 | D:10     | Found a hazy altar of Hepliaklqana.
 11277 | D:10     | Found an opulent altar of Gozag.
 11614 | D:10     | Reached skill level 7 in Armour
 11802 | D:11     | Reached skill level 7 in Fighting
 11923 | D:11     | Noticed a fire dragon
 11923 | D:11     | Noticed a fire dragon
 11924 | D:11     | Found a runed translucent door.
 11926 | D:11     | Noticed a flayed ghost
 11926 | D:11     | Noticed a sphinx
 11926 | D:11     | Noticed a deep elf annihilator
 11926 | D:11     | Noticed a tengu reaver
 11926 | D:11     | Noticed an ettin
 12003 | D:11     | Found Xoomeoma's Antique Weapon Shoppe.
 12011 | D:11     | Bought a battleaxe for 214 gold pieces
 12072 | D:12     | Noticed Nessos
 12079 | D:11     | magus.rc [v1.9.6]
 12107 | D:11     | Reached skill level 14 in Axes
 12595 | D:12     | Noticed a two-headed ogre
 12606 | D:12     | Killed a two-headed ogre
 12663 | D:12     | Noticed Frances
 12686 | D:12     | Killed Frances
 12686 | D:12     | Received a gift from Okawaru
 12687 | D:12     | Reached XP level 13. HP: 92/96 MP: 11/19
 12690 | D:12     | Reached skill level 15 in Axes
 12727 | D:12     | Killed Nessos
 12750 | D:12     | Reached ****** piety under Okawaru
 13517 | D:13     | Reached skill level 16 in Axes
 13531 | D:13     | Reached skill level 3 in Evocations
 13534 | D:13     | Found a frozen archway.
 13545 | D:13     | Noticed an ogre mage
 13546 | D:13     | Noticed a centaur warrior
 13561 | D:13     | Killed an ogre mage
 13562 | D:13     | Reached skill level 4 in Evocations
 13564 | D:13     | Killed a centaur warrior
 13569 | D:13     | Identified the +6 long sword "Yraqoz" {freeze, Int+2}
                  | (Okawaru gifted it to you on level 13 of the Dungeon)
 13569 | D:13     | Received a gift from Okawaru
 13570 | D:13     | Reached skill level 5 in Evocations
 13620 | IceCv    | Entered an ice cave
 13659 | IceCv    | Reached skill level 6 in Evocations
 13673 | IceCv    | Found a transporter.
 13729 | IceCv    | Found the +2 hat of the Bear Spirit {Spirit, +Rage rN+
                  | Will++}
 13760 | IceCv    | Found a transporter.
 13791 | IceCv    | HP: 24/96 [ice statue/bolt of cold (15)]
 13793 | IceCv    | HP: 7/96 [ice statue] (16)]
 13794 | IceCv    | Killed from afar by an ice statue

Vanquished Creatures
  Frances (D:12)
  Nessos (D:12)
  Erolcha (D:10)
  An ogre mage (D:13)
  2 centaur warriors
  4 two-headed ogres
  A tengu warrior (D:8)
  Nergalle (D:10)
  Pikel (D:5)
  A necromancer (D:10)
  4 ugly things
  A manticore (D:11)
  2 cyclopes (D:12)
  An ice statue (IceCv)
  A gargoyle (D:8)
  2 komodo dragons
  2 kobold demonologists (D:12)
  A tengu conjurer (D:9)
  5 trolls
  A hornet (D:10)
  4 slime creatures
  A wraith (D:8)
  5 wyverns
  A ynoxinul (D:8)
  8 yaks
  A vampire mosquito (D:8)
  A basilisk (D:9)
  2 steam dragons
  An acid dragon (D:9)
  4 water moccasins
  A floating eye (shapeshifter) (D:8)
  6 orc warriors
  A hornet zombie (D:8)
  2 sky beasts
  15 ice beasts
  2 ogres
  7 necrophages (D:10)
  7 centaurs
  A phantom (D:4)
  2 bullfrogs
  8 kobold brigands
  A gnoll sergeant (D:11)
  6 scorpions
  A water moccasin zombie (D:5)
  A wyvern zombie (D:8)
  4 killer bees (D:7)
  11 wights
  6 centaur zombies
  3 electric eels (D:9)
  A bullfrog zombie (D:5)
  9 orc priests
  A gnoll shaman (D:5)
  5 hounds
  5 jellies
  4 bullfrog skeletons
  3 centaur skeletons
  2 iguanas
  10 orc wizards
  3 polar bear simulacra (D:10)
  A scorpion zombie (D:5)
  A statue (D:5)
  2 yak simulacra (D:10)
  A killer bee zombie (D:6)
  2 wolf simulacra (D:10)
  A hound zombie (D:5)
  2 hound skeletons
  A mummy (D:10)
  A howler monkey zombie (D:10)
  15 gnolls
  7 adders
  An ufetubus (D:5)
  A worm (D:4)
  5 dart slugs
  34 orcs
  7 bats
  8 endoplasms
  6 giant cockroaches
  9 goblins
  3 hobgoblins
  7 jackals (D:1)
  19 kobolds
  4 quokkas
  11 ball pythons
  3 frilled lizards
  11 rats
  4 river rat simulacra (D:10)
357 creatures vanquished.

Vanquished Creatures (others)
  An orc priest (D:10)
  A bush (D:9)
  4 fungi (D:9)
  14 plants
20 creatures vanquished.

Grand Total: 377 creatures vanquished

Table legend:
 A = Non-vault XP
 B = Vault XP
 C = Vault XP percentage of total XP
 D = Non-vault monster count
 E = Vault monster count
 F = Vault count percentage of total count
                 A         B        C        D         E       F
            +---------+---------+-------+---------+---------+-------
      Total |   18320 |   22366 |  55.0 |     233 |     125 |  34.9
            +---------+---------+-------+---------+---------+-------
        D:1 |      79 |       6 |   7.1 |      35 |       4 |  10.3
        D:2 |      77 |       4 |   4.9 |      14 |       2 |  12.5
        D:3 |      41 |      21 |  33.9 |      17 |       5 |  22.7
        D:4 |     493 |      50 |   9.2 |      23 |       4 |  14.8
        D:5 |    1118 |     949 |  45.9 |      32 |       8 |  20.0
        D:6 |    1022 |       0 |   0.0 |      14 |       0 |   0.0
        D:7 |     811 |       0 |   0.0 |      13 |       0 |   0.0
        D:8 |    1193 |    4857 |  80.3 |      22 |      17 |  43.6
        D:9 |    2271 |    2510 |  52.5 |      23 |      30 |  56.6
       D:10 |    1668 |    5193 |  75.7 |       6 |      34 |  85.0
       D:11 |    1830 |       0 |   0.0 |      10 |       0 |   0.0
       D:12 |    6183 |    3554 |  36.5 |      22 |       2 |   8.3
       D:13 |    1534 |    2883 |  65.3 |       2 |      10 |  83.3
      IceCv |       0 |    2339 | 100.0 |       0 |       9 | 100.0
            +---------+---------+-------+---------+---------+-------

Illustrated notes

Table legend:
 A = Kills in this place as a percentage of kills in entire the game.
 B = Kills by you in this place as a percentage of kills by you in the entire game.
 C = Kills by friends in this place as a percentage of kills by friends in the entire game.
 D = Other kills in this place as a percentage of other kills in the entire game.
 E = Experience gained in this place as a percentage of experience gained in the entire game.
 F = Experience gained in this place divided by the number of levels of this place that you have seen.
                   A       B       C       D       E      F
               +-------+-------+-------+-------+-------+----------------------
         Total | 100.0 | 100.0 |   N/A | 100.0 | 100.0 | 2712.4
       Dungeon |  97.5 |  97.5 |   N/A | 100.0 |  94.3 | 2949.8
      Ice Cave |   2.5 |   2.5 |   N/A |   0.0 |   5.7 | 2339.0
               +-------+-------+-------+-------+-------+----------------------

Table legend: (Time is in decaauts)
 A = Elapsed time spent in this place.
 B = Non-inter-level travel time spent in this place.
 C = Inter-level travel time spent in this place.
 D = Time resting spent in this place.
 E = Time spent auto-exploring this place.
 F = Levels seen in this place.
 G = Mean time per level.
                   A        B        C        D        E       F      G
               +--------+--------+--------+--------+--------+-----+--------+
         Total |  13883 |  13051 |    832 |   2512 |   6701 |  15 |  925.5 |
       Dungeon |  13663 |  12859 |    804 |   2479 |   6672 |  13 | 1051.0 |
        Temple |     67 |     39 |     28 |      0 |     29 |   1 |   67.0 |
      Ice Cave |    152 |    152 |      0 |     33 |      0 |   1 |  152.0 |
               +--------+--------+--------+--------+--------+-----+--------+

Top non-repeatable levels by time:
     D:4: 2084 daAuts
     D:9: 1716 daAuts
     D:5: 1566 daAuts
     D:8: 1329 daAuts
     D:3: 1092 daAuts
     D:1: 995 daAuts
    D:11: 894 daAuts
    D:10: 849 daAuts
     D:6: 788 daAuts
    D:12: 776 daAuts
     D:2: 719 daAuts
     D:7: 715 daAuts
   IceCv: 152 daAuts
    D:13: 135 daAuts
  Temple: 67 daAuts
